 Dungeon Crawl Stone Soup version 0.26.1-11-gd32895ea62 (webtiles) character file.

Game seed: 6264840323898487629

48 DildoBatman the Conjurer (level 4, 0/30 HPs)
             Began as a Formicid Conjurer on July 21, 2021.
             Succumbed to an adder's poison
             ... on level 2 of the Dungeon.
             The game lasted 00:02:37 (882 turns).

DildoBatman the Conjurer (Formicid Conjurer)         Turns: 882, Time: 00:02:37

Health: 0/30       AC:  2    Str: 12    XL:     4   Next: 0%
Magic:  3/7        EV: 12    Int: 17    God:
Gold:   24         SH:  0    Dex: 10    Spells: 4/7 levels left

rFire    . . .     SeeInvis +   a - +0 whip (flame)
rCold    . . .     Faith    .   (no shield)
rNeg     . . .     Spirit   .   k - +0 robe
rPois    .         Reflect  .   (helmet unavailable)
rElec    .         Harm     .   (no cloak)
rCorr    .         Rampage  .   (no gloves)
Will     .....                  (no boots)
Stlth    ++........             (no amulet)
HPRegen  0.10/turn              (no ring)
MPRegen  0.10/turn              (no ring)

@: lethally poisoned (0 -> -4)
A: permanent stasis, dig shafts and tunnels, four strong arms, antennae 3
a: Dig, Shaft Self


You were on level 2 of the Dungeon.
You visited 1 branch of the dungeon, and saw 2 of its levels.

You collected 24 gold pieces.

Inventory:

Hand Weapons
 a - a +0 whip of flaming (weapon)
 g - a +0 short sword
Missiles
 c - 17 stones
 e - 16 sling bullets
 f - 12 arrows
Armour
 k - a +0 robe (worn)
Scrolls
 d - 2 scrolls of identify {unknown}
 i - a scroll of immolation {unknown}
 j - a scroll of fog {unknown}
 l - a scroll of teleportation {unknown}
 n - a scroll of magic mapping {unknown}
 p - a scroll of noise {unknown}
Potions
 b - a potion of brilliance {unknown}
 h - a potion of mutation {unknown}
 m - a potion of curing {unknown}
 o - a potion of heal wounds {unknown}


   Skills:
 - Level 1.7 Dodging
 - Level 2.4 Stealth
 - Level 2.1 Spellcasting
 * Level 4.8 Conjurations


You had 4 spell levels left.
You knew the following spells:

 Your Spells              Type           Power        Failure   Level
a - Searing Ray           Conj           36%          4%          2
c - Magic Dart            Conj           72%          2%          1

Your spell library contained the following spells:

 Spells                   Type           Power        Failure   Level
 Dazzling Flash           Conj/Hex       20%          22%         3
 Fulminant Prism          Conj/Hex       5%           56%         4
 Iskenderun's Mystic Bla  Conj/Tloc      10%          56%         4


Dungeon Overview and Level Annotations

Branches:
Dungeon (2/15)

Altars:


Innate Abilities, Weirdness & Mutations

You cannot be hasted, slowed, berserked, paralysed or teleported.
You can dig through walls and to a lower floor.
Your four strong arms can wield two-handed weapons with a shield.
You have a pair of large antennae on your head. (SInv)


Message History

The adder bites you. The goblin misses you. What are your orders? t - Shout!
Orders for allies: a - Attack new target. r - Retreat! s - Stop attacking. g - Guard the area. f - Follow me.
Anything else - Cancel.
You shout for attention!
The adder barely misses you. The goblin hits you with a +0 club.
The adder closely misses you. What are your orders? t - Shout!
Orders for allies: a - Attack new target. r - Retreat! s - Stop attacking. g - Guard the area. f - Follow me.
Anything else - Cancel.
You shout for attention!
You die...

###S#########
##†## ##†##
#S## ##.##
##.# .#
#.####.###
##S......#
#.@g.$...#
###K..>...
#######


You could see an adder, a goblin and a kobold.

Vanquished Creatures
  A gnoll (D:1)
  An adder (D:2)
  A dart slug (D:1)
  2 leopard geckos (D:1)
  3 bats
  4 giant cockroaches
  A goblin (D:1)
  4 hobgoblins (D:1)
  2 kobolds (D:1)
  6 rats
25 creatures vanquished.

Notes
Turn   | Place    | Note
-------+----------+-------------------------------------------
     0 | D:1      | DildoBatman the Formicid Conjurer began the quest for the
                  | Orb.
     0 | D:1      | Reached XP level 1. HP: 13/13 MP: 3/3
   161 | D:1      | Reached XP level 2. HP: 19/19 MP: 1/5
   164 | D:1      | Learned a level 2 spell: Searing Ray
   178 | D:1      | Reached skill level 4 in Conjurations
   388 | D:1      | Reached XP level 3. HP: 24/24 MP: 0/6
   867 | D:2      | Reached XP level 4. HP: 29/30 MP: 1/7
   881 | D:2      | HP: 1/30 [goblin/+0 club (2)]
   882 | D:2      | Succumbed to an adder's poison

Illustrated notes

Levels and vault maps discovered:
D:1:      dpeg_arrival_leaves_temple_mockup, layout_basic
D:2:      layout_rooms

Skill      XL: |  1  2 |
---------------+-------+-----
Conjurations   | 4 |  4.8
Dodging        | |  1.7
Stealth        | |  2.4
Spellcasting   | |  2.1

Action                   |  1- 3 |  4- 6 || total
-------------------------+-------+-------++-------
Melee: Whip              |    16 |       ||    16
       Short sword       |     4 |       ||     4
 Cast: Magic Dart        |    30 |       ||    30
       Searing Ray       |     5 |       ||     5
 Abil: Dig               |     2 |     4 ||     6
Armor: Robe              |    11 |     2 ||    13
Dodge: Dodged            |    13 |    12 ||    25
